AoeStats
← AOELG_bravedave92

Glade

510486602Analyzed
1v1 RM · 2d ago on Oct 1, 2026· 44m 41s· 2 players
Game mode
Random Map
Map size
Tiny (2 player)
Population
200
Speed
Normal
Resources
Standard
Victory
Conquest
Starting age
Dark Age
Ending age
Imperial Age
RankedLock teamsTeams togetherTeam positionsShared explorationLock speedFull tech treeHidden civsTurbo modeCheats
Victory
Defeat
🇹🇼 Persians · Taiwan
976
+12
🇩🇪 Persians · Germany
896
-12
AOELG_bravedave92
6:49 Loom
8:58 Feudal Age
10:10 Double-Bit Axe
19:12 Castle Age
18:07 Forging
17:49 Horse Collar
18:56 Scale Barding Armor
18:49 Fletching
19:57 Bow Saw
20:51 Wheelbarrow
20:25 Husbandry
23:07 Heavy Plow
24:06 Hand Cart
26:08 Iron Casting
25:40 Gold Mining
26:09 Bodkin Arrow
27:43 Bloodlines
30:11 Chain Barding Armor
34:26 Imperial Age
32:06 Kamandaran
32:21 Stone Mining
33:14 Gold Shaft Mining
33:10 Padded Archer Armor
33:13 Elite Skirmisher
33:58 Thumb Ring
33:44 Crossbowman
34:41 Thumb Ring
35:13 Ballistics
35:11 Leather Archer Armor
35:57 Blast Furnace
35:16 Heavy Camel Rider
37:23 Plate Barding Armor
37:19 Ring Archer Armor
40:05 Two-Man Saw
39:38 Crop Rotation
39:31 Light Cavalry
43:55 Chemistry
44:08 Pikeman
44:34 Arson
小胖胖
11:09 Feudal Age
16:06 Castle Age
15:29 Loom
16:43 Horse Collar
16:49 Double-Bit Axe
20:24 Wheelbarrow
24:05 Forging
24:09 Pikeman
25:11 Squires
28:54 Hand Cart
31:24 Imperial Age
31:18 Iron Casting
30:43 Scale Mail Armor
30:32 Town Watch
31:06 Gold Mining
31:54 Ballistics
31:26 Halberdier
33:18 Blast Furnace
33:02 Conscription
33:24 Town Patrol
33:45 Chain Mail Armor
34:40 Murder Holes
35:45 Chemistry
35:00 Bow Saw
34:52 Heavy Plow
34:50 Crossbowman
35:36 Thumb Ring
36:25 Plate Mail Armor
35:47 Fletching
36:31 Kamandaran
37:58 Bodkin Arrow
38:04 Padded Archer Armor
39:59 Citadels
40:34 Bloodlines
40:26 Husbandry
40:51 Leather Archer Armor
40:42 Scale Barding Armor
40:27 Light Cavalry
42:40 Two-Man Saw
41:41 Hussar
43:20 Gold Shaft Mining
42:37 Stone Mining
45:03 Chain Barding Armor
45:13 Ring Archer Armor
Connection lost

Rejoining the realm…

Still unreachable

The connection could not be restored.

Session expired

The server has moved on; the page needs a fresh start.